AoeStats
← Jack

Fortress

508847562Analyzed
4v4 RM · 7d ago on Sep 24, 2026· 40m 27s· 8 players
Game mode
Random Map
Map size
Huge
Population
200
Speed
Normal
Resources
Standard
Victory
Conquest
Starting age
Dark Age
Ending age
Imperial Age
RankedLock teamsTeams togetherTeam positionsShared explorationLock speedFull tech treeHidden civsTurbo modeCheats
Victory
Defeat
🇦🇷 Danes · Argentina
1340
+14
🇨🇳 Khmer · China
1321
+15
🇨🇳 Britons · China
1304
+15
🇨🇳 Persians · China
1236
+18
🇲🇴 Poles · Macao SAR China
1359
-18
🇹🇷 Khmer · Türkiye
1311
-16
🇩🇰 Celts · Denmark
1254
-14
🇩🇰 Wu · Denmark
1245
-14
偷看阿姨洗澡
7:16 Feudal Age
11:37 Castle Age
9:26 Double-Bit Axe
9:47 Horse Collar
10:25 Loom
11:34 Loom
12:52 Bow Saw
12:49 Heavy Plow
15:45 Wheelbarrow
15:19 Gold Mining
17:33 Wheelbarrow
19:39 Loom
23:00 Imperial Age
20:51 Fletching
21:01 Padded Archer Armor
21:24 Crossbowman
22:19 Bodkin Arrow
22:41 Leather Archer Armor
23:03 Hand Cart
23:30 Gold Shaft Mining
23:32 Hand Cart
24:07 Ballistics
25:20 Chemistry
24:54 Bracer
24:32 Arbalester
26:50 Conscription
28:10 Ring Archer Armor
27:50 Siege Engineers
29:36 Yeomen
34:52 Two-Man Saw
34:04 Masonry
33:40 Arrowslits
34:56 Scale Mail Armor
35:07 Forging
35:35 Hoardings
35:01 Warwolf
35:38 Architecture
35:02 Stone Mining
37:02 Town Watch
阿酷丶
7:52 Feudal Age
6:07 Loom
11:54 Castle Age
9:42 Double-Bit Axe
9:40 Horse Collar
11:07 Wheelbarrow
12:30 Bow Saw
13:47 Heavy Plow
16:14 Hand Cart
21:02 Gold Mining
21:58 Bloodlines
22:22 Scale Barding Armor
24:12 Chain Barding Armor
24:17 Husbandry
25:44 Gold Shaft Mining
25:42 Forging
30:56 Imperial Age
29:45 Iron Casting
30:35 Cavalier
31:51 Plate Barding Armor
32:17 Blast Furnace
31:57 Savar
33:05 Conscription
38:56 Kamandaran
40:28 Thumb Ring
SRZ_07
4:24 Loom
6:43 Feudal Age
11:49 Castle Age
11:02 Double-Bit Axe
15:57 Horse Collar
19:14 Scale Mail Armor
23:59 Wheelbarrow
24:48 Chain Mail Armor
26:19 Heavy Plow
26:11 Gold Mining
30:20 Imperial Age
27:44 Town Watch
28:19 Gambesons
29:45 Gold Shaft Mining
29:56 Forging
30:39 Hand Cart
30:12 Hamask
32:51 Chemistry
32:22 Conscription
32:52 Bow Saw
33:52 Ballistics
34:22 Iron Casting
34:17 Plate Mail Armor
34:29 Heavy Scorpion
37:29 Blast Furnace
36:10 Elite Jomsviking
36:27 Capped Ram
37:37 Squires
37:23 Arson
38:01 Fletching
38:42 Cranequins
39:53 Bodkin Arrow
40:07 Thumb Ring
Jack
7:56 Feudal Age
11:02 Castle Age
9:12 Double-Bit Axe
9:18 Horse Collar
11:57 Heavy Plow
12:08 Bow Saw
15:15 Gold Mining
19:09 Wheelbarrow
19:24 Loom
20:59 Scale Barding Armor
24:02 Imperial Age
24:12 Imperial Age
21:59 Hand Cart
22:23 Chain Barding Armor
22:44 Forging
23:31 Ballistics
23:52 Gold Shaft Mining
23:08 Stone Mining
23:38 Bloodlines
23:28 Husbandry
24:08 Light Cavalry
25:26 Conscription
26:04 Plate Barding Armor
25:50 Double Crossbow
27:46 Iron Casting
28:15 Chemistry
28:08 Siege Engineers
30:11 Stone Shaft Mining
30:39 Blast Furnace
30:13 Crop Rotation
29:29 Elite Ballista Elephant
31:38 Town Watch
32:59 Hoardings
33:31 Fletching
38:47 Town Patrol
40:20 Murder Holes
40:36 Masonry
Doctorbonus
7:34 Feudal Age
9:20 Town Watch
11:59 Castle Age
10:16 Double-Bit Axe
10:58 Horse Collar
11:24 Fletching
12:02 Gold Mining
14:47 Bodkin Arrow
16:51 Loom
17:54 Bow Saw
22:32 Red Cliffs Tactics
24:52 Heavy Plow
28:07 Wheelbarrow
28:11 Treadmill Crane
30:09 Ballistics
29:15 Pikeman
29:57 Squires
30:04 Scale Mail Armor
30:06 Padded Archer Armor
30:07 Scale Mail Armor
30:13 Stone Mining
31:58 Chain Mail Armor
33:30 Town Patrol
33:48 Hand Cart
36:36 Imperial Age
35:38 Leather Archer Armor
36:05 Forging
37:04 Masonry
37:07 Murder Holes
37:45 Conscription
37:28 Bracer
36:59 Halberdier
41:34 Two-Man Saw
Muff
7:14 Feudal Age
9:04 Double-Bit Axe
11:39 Castle Age
9:25 Horse Collar
15:14 Forging
15:04 Scale Mail Armor
15:42 Bow Saw
15:37 Heavy Plow
15:36 Loom
19:42 Wheelbarrow
22:05 Hand Cart
21:35 Town Watch
25:26 Imperial Age
23:24 Stone Mining
23:25 Gold Mining
23:47 Forging
23:37 Scale Mail Armor
25:05 Stone Shaft Mining
24:41 Gambesons
24:16 Man-at-Arms
24:42 Arson
24:59 Scale Mail Armor
25:34 Iron Casting
25:04 Long Swordsman
25:05 Pikeman
26:40 Conscription
26:15 Two-Handed Swordsman
27:59 Blast Furnace
27:14 Chain Mail Armor
28:24 Champion
30:44 Town Patrol
30:07 Halberdier
33:52 Plate Mail Armor
34:59 Gold Shaft Mining
38:58 Fletching
39:09 Padded Archer Armor
Barka
0:28 Loom
7:40 Feudal Age
11:13 Castle Age
9:24 Double-Bit Axe
9:50 Horse Collar
11:15 Wheelbarrow
12:54 Heavy Plow
20:26 Town Watch
21:14 Bow Saw
21:54 Hand Cart
25:07 Imperial Age
22:30 Gold Mining
22:31 Stone Mining
23:52 Ballistics
24:39 Gold Shaft Mining
25:15 Fortified Wall
26:20 Conscription
25:51 Light Cavalry
26:39 Murder Holes
27:44 Stone Shaft Mining
27:22 Bloodlines
27:13 Husbandry
28:11 Scale Barding Armor
28:17 Forging
28:38 Hussar
34:50 Fletching
HOU
2:13 Loom
10:33 Feudal Age
14:28 Castle Age
12:27 Horse Collar
12:32 Double-Bit Axe
13:52 Gold Mining
13:53 Stone Mining
15:12 Heavy Plow
15:23 Bow Saw
23:30 Imperial Age
21:28 Bloodlines
21:18 Husbandry
22:08 Szlachta Privileges
22:20 Town Watch
22:54 Scale Barding Armor
23:18 Forging
23:47 Fletching
24:21 Chain Barding Armor
24:55 Crop Rotation
24:41 Cavalier
25:51 Conscription
27:55 Iron Casting
28:17 Bodkin Arrow
29:42 Blast Furnace
29:27 Bracer
32:41 Lechitic Legacy
32:23 Scale Mail Armor
32:23 Padded Archer Armor
Connection lost

Rejoining the realm…

Still unreachable

The connection could not be restored.

Session expired

The server has moved on; the page needs a fresh start.